 Dungeon Crawl Stone Soup version 0.30.1 (webtiles) character file.

Game seed: 189794615395944990

17 FallenXxXSky the Covered (level 2, -2/21 HPs)
             Began as a Human Wanderer on July 11, 2023.
             Succumbed to a goblin's poison
             ... on level 1 of the Dungeon.
             The game lasted 00:00:47 (382 turns).

FallenXxXSky the Covered (Human Wanderer)            Turns: 382, Time: 00:00:48

Health: -2/21      AC:  6    Str: 14    XL:     2   Next: 80%
Magic:  5/5        EV: 10    Int: 13    God:
Gold:   27         SH:  0    Dex:  9    Spells: 4/5 levels left

rFire   . . .        a - +0 club
rCold   . . .        (no shield)
rNeg    . . .        c - +0 ring mail
rPois   .            f - +0 helmet
rElec   .            (no cloak)
rCorr   .            (no gloves)
SInv    .            (no boots)
Will    .....        (no amulet) Stlth
                     (no ring)
HPRegen 0.23/turn    (no ring)
MPRegen 0.09/turn

%: no passive effects
@: lethally poisoned (-2 -> -27), flying
A: no striking features
a: no special abilities


You were on level 1 of the Dungeon.
You visited 1 branch of the dungeon, and saw 1 of its levels.

You collected 27 gold pieces.

Inventory:

Hand Weapons
 a - a +0 club (weapon)
Armour
 c - a +0 ring mail (worn)
 f - a +0 helmet (worn)
Jewellery
 e - a ring of ice
Scrolls
 g - 2 scrolls of identify {unknown}
 h - a scroll of blinking {unknown}
Potions
 b - a potion of attraction
 i - a potion of curing {unknown}


   Skills:
 + Level 1.6 Fighting
 * Level 1.7 Maces & Flails
 - Level 3.0 Armour
 - Level 2.0 Spellcasting
 - Level 2.0 Air Magic
 - Level 1.0 Evocations


You had 4 spell levels left.
You knew the following spells:

 Your Spells              Type           Power      Damage    Failure   Level
a - Apportation           Tloc           2%         N/A       45%         1

Your spell library contained the following spells:

 Spells                   Type           Power      Damage    Failure   Level
 Static Discharge         Conj/Air       6%         2-3/arc   45%         2
 Cigotuvi's Dreadful Rot  Necr/Pois/Air  6%         N/A       52%         2
 Frozen Ramparts          Ice            2%         1d1       83%         3
 Hailstorm                Conj/Ice       1%         3d3       83%         3
 Spider Form              Tmut/Pois      1%         N/A       83%         3


Dungeon Overview and Level Annotations

Branches:
Dungeon (1/15)

Altars:


Message History

A ball python is nearby!
A ball python is nearby!
A goblin comes into view. It is wielding a +2 dagger of venom.
Found a stone staircase leading down.
The goblin shouts!
The goblin closely misses you.
The ball python bites you but does no damage.
The ball python grabs you. The ball python constricts you.
You closely miss the ball python. The ball python closely misses you.
The ball python constricts you. The goblin hits you but does no damage.
You are poisoned.
The ball python bites you but does no damage.
The ball python constricts you.
You hit the ball python.
The ball python is heavily wounded.
You feel sick. The goblin completely misses you.
The ball python bites you but does no damage.
The ball python constricts you.
The goblin hits you with a +2 dagger of venom.
You barely miss the ball python.
The ball python is heavily wounded.
You feel sick. The ball python closely misses you.
The ball python constricts you. The goblin hits you but does no damage.
You are more poisoned.
The ball python barely misses you. The ball python constricts you.
You hit the ball python.
You kill the ball python!
You feel very sick.
The goblin hits you with a +2 dagger of venom.
You are lethally poisoned!
You closely miss the goblin.
You feel very sick.
The goblin hits you with a +2 dagger of venom.
* * * LOW HITPOINT WARNING * * *
You are more poisoned.
You are too injured to fight recklessly!
It was a potion of flight.
You feel very buoyant.
You fly up into the air.
You die...

## .# .# .#
.#
###########
.#
#.........#
.#
#.#######@#
.# #.#
#.g......#
.# #.#
#..>.....#
.# #.#
#...#..#.#
.# #.#
#####..# .#
#.# .# .#
##.# . .#
#..# ## .#
#.###


You could see a goblin.

Vanquished Creatures
  2 ball pythons (D:1)
  An endoplasm (D:1)
  2 giant cockroaches (D:1)
  A goblin (D:1)
  2 hobgoblins (D:1)
  2 bats (D:1)
  A frilled lizard (D:1)
  6 rats (D:1)
17 creatures vanquished.

Notes
Turn   | Place    | Note
-------+----------+-------------------------------------------
     0 | D:1      | FallenXxXSky the Human Wanderer began the quest for the
                  | Orb.
     0 | D:1      | FallenXxXSky set off with the following items: a +0 club, a
                  | potion of attraction, a +0 ring mail; and the following
                  | spell memorised: Apportation; and the following spells
                  | available to memorise: Static Discharge, Cigotuvi's
                  | Dreadful Rot, Frozen Ramparts, Hailstorm, Spider Form.
     0 | D:1      | Reached XP level 1. HP: 15/15 MP: 3/3
   158 | D:1      | Reached skill level 1 in Maces & Flails
   174 | D:1      | Reached XP level 2. HP: 17/21 MP: 5/5
   382 | D:1      | Succumbed to a goblin's poison

Illustrated notes

Levels and vault maps discovered:
D:1:      nzn_arrival_crosshair, layout_loops_corners, minmay_small_reverse_x

Skill      XL: |  1 |
---------------+----+-----
Maces & Flails | 1 |  1.7
Fighting       | |  1.6
Armour         | |  3.0
Spellcasting   | |  2.0
Air Magic      | |  2.0
Evocations     | |  1.0

Action                     || total
---------------------------++-------
  Melee: Club              ||    75
         Punch             ||     1
    Use: Potion            ||     1
 Armour: Ring mail         ||    45
  Dodge: Dodged            ||    53
